 Dungeon Crawl Stone Soup version 0.25-a0-424-g80bd347ae0 (webtiles) character file.

Game seed: 6296726316851904855, levelgen mode: deterministic

77185 LairdRich the Severer (level 15, 0/111 HPs)
             Began as a Minotaur Berserker on Jan 16, 2020.
             Was a High Priest of Trog.
             Slain by a small abomination (5 damage)
             ... on level 1 of the Abyss on Jan 20, 2020.
             The game lasted 01:42:39 (22589 turns).

LairdRich the Severer (Minotaur Berserker)         Turns: 22589, Time: 01:42:40

Health: 0/111      AC: 23    Str: 28    XL:     15   Next: 14%
Magic:  0/4        EV: 12    Int:  4    God:    Trog [*****.]
Gold:   1726       SH:  0    Dex: 10    Spells: 14/14 levels left

rFire    . . .     SeeInvis +   a - +5 executioner's axe (antimagic)
rCold    . . .     Gourm    .   (shield currently unavailable)
rNeg     . . .     Faith    .   p - +0 plate armour
rPois    +         Spirit   .   (helmet restricted)
rElec    .         Reflect  .   d - +1 cloak
rCorr    .         Harm     .   z - +0 pair of gloves
MR       +....                  t - +1 pair of boots
Stlth    ..........             L - amulet of regeneration
HPRegen  0.00/turn              x - ring of see invisible
MPRegen  0.09/turn              D - ring of poison resistance

@: non-regenerating, diseased
A: retaliatory headbutt, horns 2, [blurry vision 3], [frail 2]
a: Berserk, Trog's Hand, Brothers in Arms, Renounce Religion


You were on level 1 of the Abyss.
You worshipped Trog.
Trog was extremely pleased with you.
You were not hungry.

You visited 3 branches of the dungeon, and saw 20 of its levels.
You visited the Abyss 1 time.
You also visited: Ice Cave.

You collected 2287 gold pieces.
You spent 561 gold pieces at shops.

Inventory:

Hand Weapons
 a - a +5 antimagic executioner's axe (weapon)
 b - a +0 morningstar
Armour
 d - a +1 cloak (worn)
 p - a +0 plate armour (worn)
 t - a +1 pair of boots (worn)
 z - a +0 pair of gloves (worn)
Jewellery
 i - an uncursed ring of ice
 x - a ring of see invisible (left hand)
 B - an uncursed ring of fire
 C - an uncursed ring of positive energy
 D - a ring of poison resistance (right hand)
 L - an amulet of regeneration (around neck)
 V - a cursed ring of ice
Wands
 s - a wand of disintegration (4)
 u - a wand of flame (65)
 y - a wand of polymorph (29)
 E - a wand of digging (5)
 K - a wand of paralysis (5)
Scrolls
 e - 5 scrolls of teleportation
 f - 3 scrolls of fog
 h - 8 scrolls of magic mapping
 w - 10 scrolls of remove curse
 I - 2 scrolls of enchant armour
 Q - 2 scrolls of fear
 U - 2 scrolls of enchant weapon
 Z - a scroll of brand weapon
Potions
 g - 4 potions of flight
 j - 2 potions of cancellation
 k - 2 potions of agility
 l - a potion of berserk rage
 n - 7 potions of curing
 o - 3 potions of heal wounds
 A - a potion of haste
 J - 2 potions of ambrosia
 O - 3 potions of might
 P - 2 potions of brilliance
 S - 3 potions of invisibility
Comestibles
 c - 11 rations


   Skills:
 + Level 14.4 Fighting
 * Level 19.2 Axes
 - Level 1.6 Throwing
 + Level 14.3 Armour
 - Level 10.0 Dodging
   Level 10.3 Shields


You had 14 spell levels left.
You didn't know any spells.
Your spell library was empty.

Dungeon Overview and Level Annotations

Branches:
Dungeon (12/15)            Temple (0/1) D:7            Lair (6/6) D:11
 Shoals (0/4) Lair:2       Spider (0/4) Lair:4        Slime (0/5) Lair:6
    Orc (2/2) D:11            Elf (0/3) Orc:2         IceCv (visited)

Altars:
Ashenzari
Dithmenos
Fedhas
Gozag
Qazlal
Trog
Uskayaw
Vehumet
Xom
Yredelemnul
The Shining One
Beogh

Shops:
D:4 =?   D:7 (   Orc:2 (:*[

Annotations:
D:6 3 runed translucent doors, jperry's ghost, novice MiBe
D:11 3 runed translucent doors, LostGamesStreakFreak's ghost, journeyman MfGl
D:12 3 runed translucent doors, exclusion: tengu reaver, Sonja
Lair:4 exclusion: door
Lair:5 3 runed translucent doors, exclusions: 2 oklob plants and 1 more exclusion, Bodu's ghost, journeyman NaFi
Lair:6 exclusion: 4 oklob plants


Innate Abilities, Weirdness & Mutations

You reflexively headbutt those who attack you in melee.
You have a pair of horns on your head.
[Scrolls take you much longer to read.]
[You are very frail. (-20% HP)]


Message History

The mana viper bites you but does no damage.
A starcursed mass splits.
The small abomination hits you but does no damage.
A cacophony of accursed wailing tears at your sanity!
* * * LOW HITPOINT WARNING * * *
You suddenly lose the ability to move!
The mana viper bites you but does no damage.
The naga hits you from afar with a +0 trident.
* * * LOW HITPOINT WARNING * * *
The mana viper bites you!
* * * LOW HITPOINT WARNING * * *
You feel your power leaking away.
A starcursed mass splits.
The small abomination hits you but does no damage.
You can move again.
You begin reading the scroll.
You continue reading the scroll.
The mana viper bites you.
* * * LOW HITPOINT WARNING * * *
The naga hits you but does no damage. The small abomination hits you.
You die...

#.. #. ## # .# . #.#.
.#.# .. .#.. ##.
.##.###.#.#.... ## ...
.... # #...#... ..#.## #
....#N....#..##.....#
#.###..x###..#...#...###
. . §.# #...#$...# .. #
. .N#..# #.@#.....#
.#.#. #.#####SxX...# ..
... ...#.#xNX....# #
.###.###.X.X#...# . #.)
##XX.#..### #
.§#.XX..#.# .
..#.#...*XNXX..## ###.
............#
#..#.....##..#...#


You could see 11 starcursed masses, a wretched star, a mana viper, a
worldbinder, 2 nagas and a small abomination.

Vanquished Creatures
  A frost giant (IceCv)
  A green death (Abyss:1)
  An ettin (Orc:2)
  4 hydras
  3 catoblepae (Lair:6)
  A centaur warrior (D:9)
  15 death yaks (Lair:6)
  4 two-headed ogres
  Urug (D:10)
  2 orc high priests
  A thrashing horror (Abyss:1)
  2 unseen horrors (D:11)
  Pikel (D:5)
  2 orc knights
  4 orc sorcerers (Orc:2)
  An ugly thing (D:12)
  13 elephants (Lair:4)
  2 manticores (Lair:6)
  Psyche (D:8)
  Joseph (D:7)
  An ice statue (IceCv)
  2 torpor snails (Lair:6)
  12 spiny frogs
  An efreet (D:12)
  5 rime drakes
  A freezing wraith (Abyss:1)
  7 komodo dragons
  An ancient zyme (Abyss:1)
  8 trolls
  15 polar bears
  A dream sheep (Lair:4)
  A hornet (D:9)
  2 slime creatures (D:12)
  A small abomination (Abyss:1)
  11 hippogriffs
  A water elemental (D:12)
  A spriggan (D:9)
  A tarantella (Lair:4)
  2 fire bats (Lair:3)
  2 wraiths
  64 yaks
  3 basilisks
  A vampire (D:9)
  2 wyverns
  2 steam dragons
  2 hungry ghosts
  Menkaure (D:5)
  A vampire mosquito (D:12)
  Edmund (D:4)
  4 wargs
  An acid dragon (D:12)
  11 water moccasins
  10 porcupines
  30 orc warriors
  2 slaves (D:4)
  4 ice beasts
  2 hornet zombies
  3 necrophages
  A sky beast (D:10)
  4 phantoms
  2 black bears
  17 wolves
  9 ogres
  5 centaurs
  12 crocodiles
  A big kobold (D:8)
  9 bullfrogs
  3 scorpions
  3 wyvern skeletons
  16 killer bees
  5 electric eels
  4 wights (D:8)
  7 crimson imps
  6 howler monkeys
  2 bullfrog zombies
  3 quasits
  3 centaur skeletons
  5 jellies
  A bullfrog skeleton (D:11)
  2 hounds
  8 orc priests
  Crazy Yiuf (D:2)
  Ijyb (D:3)
  19 orc wizards
  2 iguanas
  4 worker ants
  A hound zombie (D:11)
  Robin (D:4)
  A howler monkey skeleton (D:7)
  9 adders
  4 shadow imps
  2 oozes
  An adder skeleton (D:10)
  A worm (D:2)
  4 dart slugs
  7 leopard geckos
  57 orcs
  A ball python (D:3)
  6 bats
  10 giant cockroaches
  18 goblins
  11 hobgoblins
  8 jackals
  12 kobolds
  2 quokkas
  3 frilled lizards
  A goblin skeleton (D:5)
  A hobgoblin zombie (D:5)
  3 kobold skeletons (D:5)
  A kobold zombie (D:5)
  A leopard gecko skeleton (D:5)
  An orc skeleton (D:5)
  3 orc zombies (D:5)
  A quokka skeleton (D:7)
  7 rats
  2 fungi (Lair:6)
  7 plants
623 creatures vanquished.

Vanquished Creatures (collateral kills)
  An orc warlord (Orc:2)
  A death yak (IceCv)
  An orc knight (Orc:2)
  A yak (IceCv)
  An orc wizard (Orc:2)
5 creatures vanquished.

Vanquished Creatures (others)
  A polar bear (IceCv)
  Sigmund (D:5)
  A centaur (D:5)
  A giant cockroach (D:5)
  A quokka skeleton (D:5)
  A quokka zombie (D:5)
  A bush (Lair:6)
  3 fungi (Lair:6)
  18 plants
28 creatures vanquished.

Grand Total: 656 creatures vanquished

Notes
Turn   | Place    | Note
-------+----------+-------------------------------------------
     0 | D:1      | LairdRich the Minotaur Berserker began the quest for the
                  | Orb.
     0 | D:1      | Reached XP level 1. HP: 19/19 MP: 0/0
   247 | D:1      | Reached XP level 2. HP: 22/27 MP: 1/1
   307 | D:1      | Reached skill level 4 in Axes
   622 | D:1      | Reached XP level 3. HP: 33/33 MP: 2/2
   839 | D:2      | Reached ** piety under Trog
  1079 | D:2      | Reached XP level 4. HP: 40/40 MP: 3/3
  1127 | D:2      | Found a runed translucent door.
  1128 | D:2      | Noticed Crazy Yiuf
  1187 | D:2      | Found a shattered altar of Ashenzari.
  1535 | D:2      | Killed Crazy Yiuf
  1926 | D:3      | Reached skill level 1 in Throwing
  1988 | D:3      | Reached skill level 5 in Axes
  2086 | D:3      | Reached XP level 5. HP: 43/47 MP: 4/4
  2503 | D:3      | Noticed Ijyb
  2588 | D:3      | Killed Ijyb
  2588 | D:3      | Reached *** piety under Trog
  2703 | D:4      | Noticed Robin
  2710 | D:4      | Reached XP level 6. HP: 53/53 MP: 5/5
  2718 | D:4      | Killed Robin
  2730 | D:3      | Upgraded the game from 0.25-a0-413-g3b4b6a4ccc to
                  | 0.25-a0-420-g1cc7eeb0d1
  3074 | D:4      | Noticed Edmund
  3092 | D:4      | Killed Edmund
  3092 | D:4      | Reached skill level 6 in Axes
  3092 | D:4      | Reached skill level 1 in Shields
  3174 | D:4      | Found Baoshor's Jewellery Boutique.
  3267 | D:4      | Reached skill level 5 in Fighting
  3394 | D:4      | Found Viudaroi's Magic Scroll Shop.
  3406 | D:4      | Reached XP level 7. HP: 61/61 MP: 6/6
  3609 | D:5      | Entered Level 5 of the Dungeon
  3609 | D:5      | Noticed Pikel
  3749 | D:5      | Killed Pikel
  3749 | D:5      | Reached skill level 7 in Axes
  3749 | D:5      | Reached skill level 5 in Armour
  3749 | D:5      | Reached XP level 8. HP: 33/70 MP: 7/7
  4049 | D:5      | Noticed Menkaure
  4058 | D:5      | Killed Menkaure
  4175 | D:5      | Killed Sigmund
  4183 | D:5      | Found a glowing golden altar of the Shining One.
  4213 | D:5      | Reached skill level 8 in Axes
  4457 | D:5      | Reached skill level 5 in Dodging
  4514 | D:5      | Found a stormy altar of Qazlal.
  4520 | D:5      | Found an opulent altar of Gozag.
  4521 | D:5      | Found a hide-covered altar of Uskayaw.
  4521 | D:5      | Found a shimmering altar of Xom.
  5103 | D:6      | Reached **** piety under Trog
  5442 | D:6      | Noticed jperry's ghost (novice MiBe)
  5450 | D:6      | Found a runed translucent gate.
  5450 | D:6      | Found a runed translucent gate.
  5450 | D:6      | Found a runed translucent gate.
  5469 | D:6      | Got a shimmering chain mail
  5761 | D:7      | Noticed Joseph
  5781 | D:7      | Found a radiant altar of Vehumet.
  5888 | D:7      | Reached skill level 9 in Axes
  5927 | D:7      | Reached XP level 9. HP: 78/78 MP: 8/8
  6017 | D:7      | Found a staircase to the Ecumenical Temple.
  6127 | D:7      | Found a basalt altar of Yredelemnul.
  6154 | D:7      | Killed Joseph
  6154 | D:7      | Reached skill level 5 in Shields
  6277 | D:7      | Found Piti's Antique Weapon Shop.
  6284 | D:7      | Bought a glowing broad axe for 161 gold pieces
  6502 | D:7      | Reached skill level 10 in Axes
  7121 | D:8      | Noticed Psyche
  7133 | D:8      | Killed Psyche
  7133 | D:8      | Reached skill level 11 in Axes
  7133 | D:8      | Reached XP level 10. HP: 54/89 MP: 9/9
  7665 | D:9      | Found a shadowy altar of Dithmenos.
  7769 | D:9      | Reached ***** piety under Trog
  7769 | D:9      | Received a gift from Trog
  8184 | D:9      | Noticed a two-headed ogre
  8191 | D:9      | Killed a two-headed ogre
  8266 | D:9      | Found a blossoming altar of Fedhas.
  8670 | D:9      | Reached skill level 12 in Axes
  8675 | D:9      | Noticed a centaur warrior
  8684 | D:9      | Killed a centaur warrior
  8950 | D:10     | Entered Level 10 of the Dungeon
  9258 | D:10     | Noticed Urug
  9287 | D:10     | Killed Urug
  9287 | D:10     | Reached XP level 11. HP: 60/97 MP: 10/10
  9526 | D:10     | Got a pair of warped gloves
  9541 | D:10     | Identified the +2 pair of gloves of Veulozypt {+Fly rC+
                  | Int+3 Dex-4} (You found it on level 10 of the Dungeon)
  9562 | D:10     | Identified the +7 chain mail of Modesty {rF- rCorr Int+8
                  | Dex-3} (You found it on level 6 of the Dungeon)
  9751 | D:10     | Reached skill level 13 in Axes
  9948 | D:11     | Found a staircase to the Lair.
  9955 | D:11     | Reached skill level 10 in Fighting
  9972 | Lair:1   | Entered Level 1 of the Lair of Beasts
 10066 | D:7      | Bought a glowing hand axe for 138 gold pieces
 10853 | Lair:1   | Received a gift from Trog
 11299 | Lair:2   | Reached skill level 10 in Armour
 11510 | Lair:2   | Reached skill level 14 in Axes
 11833 | Lair:2   | Found a staircase to the Shoals.
 12326 | Lair:3   | Reached XP level 12. HP: 95/108 MP: 11/11
 12454 | Lair:3   | Reached skill level 10 in Shields
 12619 | Lair:3   | Noticed an eight-headed hydra
 12630 | Lair:3   | Killed an eight-headed hydra
 13489 | Lair:4   | Found a hole to the Spider Nest.
 13533 | Lair:3   | Upgraded the game from 0.25-a0-420-g1cc7eeb0d1 to
                  | 0.25-a0-424-g80bd347ae0
 13832 | Lair:4   | Reached skill level 15 in Axes
 13894 | Lair:4   | Noticed a five-headed hydra
 13904 | Lair:4   | Killed a five-headed hydra
 13906 | Lair:4   | Received a gift from Trog
 14025 | Lair:4   | Noticed a death yak
 14301 | Lair:4   | Noticed a four-headed hydra
 14312 | Lair:4   | Killed a four-headed hydra
 14577 | Lair:4   | Reached XP level 13. HP: 108/118 MP: 4/12
 14735 | Lair:4   | Reached skill level 16 in Axes
 14900 | Lair:5   | Found a runed translucent gate.
 14900 | Lair:5   | Found a runed translucent gate.
 14900 | Lair:5   | Found a runed translucent gate.
 14904 | Lair:5   | Noticed Bodu's ghost (journeyman NaFi)
 14991 | Lair:5   | Found a frozen archway.
 15005 | IceCv    | Entered an ice cave
 15594 | IceCv    | Noticed a frost giant
 15760 | IceCv    | Killed a frost giant
 16394 | Lair:5   | Reached skill level 17 in Axes
 16665 | Lair:6   | Entered Level 6 of the Lair of Beasts
 16877 | Lair:6   | Found a staircase to the Slime Pits.
 17278 | Lair:6   | Reached XP level 14. HP: 87/129 MP: 4/13
 17955 | Lair:6   | Reached skill level 18 in Axes
 18513 | D:11     | Received a gift from Trog
 18592 | D:11     | Found a staircase to the Orcish Mines.
 18682 | D:11     | Noticed LostGamesStreakFreak's ghost (journeyman MfGl)
 18696 | D:11     | Found a runed translucent gate.
 18696 | D:11     | Found a runed translucent gate.
 18696 | D:11     | Found a runed translucent gate.
 19068 | Orc:1    | Entered Level 1 of the Orcish Mines
 19143 | Orc:1    | Found a bloodstained altar of Trog.
 19273 | Orc:2    | Entered Level 2 of the Orcish Mines
 19569 | Orc:1    | Reached skill level 10 in Dodging
 19992 | Orc:2    | Received a gift from Trog
 20422 | Orc:2    | Noticed an orc warlord
 20424 | Orc:2    | Found a roughly hewn altar of Beogh.
 20431 | Orc:2    | Killed an orc warlord
 20436 | Orc:2    | Found Coevecw's Antique Weapon Shop.
 20443 | Orc:2    | Found Hyptizuw's General Store.
 20506 | Orc:2    | Found Xietre's Book Shop.
 20774 | Orc:2    | Found Xataf's Antique Armour Shop.
 20780 | Orc:2    | Bought a glowing cloak for 262 gold pieces
 20930 | Orc:2    | Found a staircase to the Elven Halls.
 20971 | Orc:2    | Reached skill level 19 in Axes
 21415 | D:12     | Reached XP level 15. HP: 138/138 MP: 4/14
 21430 | D:12     | Found a stormy altar of Qazlal.
 21547 | D:12     | Received a gift from Trog
 21726 | D:12     | Noticed a tengu reaver
 21827 | D:12     | Identified the +8 hand axe of Wu Jian's Regard {vorpal,
                  | rC++}
 22021 | D:12     | Identified the cursed +1 quarterstaff "Hydraslayer" {drain,
                  | SInv}
 22052 | D:12     | Found a runed translucent gate.
 22052 | D:12     | Found a runed translucent gate.
 22052 | D:12     | Found a runed translucent gate.
 22375 | D:12     | Noticed Sonja
 22386 | D:12     | Cast into level 1 of the Abyss (Sonja)
 22587 | Abyss:1  | Paralysed by accursed screaming for 2 turns
 22589 | Abyss:1  | HP: 5/111 [mana viper[a worldbinder] (2)]
 22589 | Abyss:1  | Slain by a small abomination

Levels and vault maps discovered:
D:1:      lightli_arrival_chessboard, layout_rooms
D:2:      layout_basic, ashenzari_altar_1, uniq_crazy_yiuf_cottage
D:3:      layout_basic, nrook_mini_backslash, uniq_ijyb
D:4:      layout_basic, serial_shops, kennysheep_mini, shop, first_ration,
          uniq_robin, uniq_edmund
D:5:      layout_loops_ring, nicolae_tso_besieged_by_evil,
          grunt_temple_overflow_open, uniq_sigmund, uniq_pikel, uniq_menkaure
D:6:      layout_loops_ring, gammafunk_ghost_split, chequers_jeans
D:7:      layout_gridville, vehumet_altar_wand_db,
          minmay_temple_entry_statues_fountains, serial_shops,
          nicolae_shop_statue_plus, basic_altar, uniq_joseph
D:8:      layout_basic, st_stairs_5, uniq_psyche
D:9:      layout_irregular_city, marbit_many_paths, the_bakery,
          minmay_misc_feat_secret_circle, small_chamber_with_monster,
          fedhas_bush_and_centaur_altar
D:10:     layout_rooms, uniq_urug
D:11:     layout_roguey, lair_entry_dummy, orc_0_dummy,
          maelrawn_ghost_gauntlet_escape
D:12:     kennysheep_treasure_stockpile, layout_irregular_city,
          serial_bayou_lagoon_a, nicolae_qazlal_style_of_elements, uniq_sonja
Lair:1:   layout_regular_city, minivault_11
Lair:2:   layout_hall_layers, elwin_shoals_entry_rocks,
          nicolae_quartered_pool_super, cheibrodos_lair_caveside_slide,
          beast_lair_carwin_4
Lair:3:   layout_gridlike
Lair:4:   beast_lair_carwin_large_4, layout_regular_city,
          spider_nest_entry_rubble, minmay_shattered_shrine
Lair:5:   layout_hall_layers, gammafunk_ghost_split, portal_ice_cave_rime,
          minmay_lair_oklob_chamber
Lair:6:   evilmike_catoblepas_cave, layout_regular_city, slime_dummy,
          dpeg_oklob_1
Orc:1:    layout_caves, bloody_trog
Orc:2:    grunt_orc_cross, layout_diamond_mine, mines2_lemuel
Abyss:1:  base:
Lair:4

Skill      XL: |  1  2  3  4  5  6  7  8  9 10 11 12 13 14 |
---------------+-------------------------------------------+-----
Axes           | 4 5 6 7 9 11 12 14 15 17 19 | 19.2
Fighting       | 4 5 6 8 9 10 12 13 14 | 14.4
Armour         | 3 4 5 6 7 9 10 11 12 14 | 14.3
Dodging        | 3 4 5 6 8 10 | 10.0
Throwing       | 1 |  1.6
Shields        | 1 3 4 6 8 9 10 | 10.3

Action                   |  1- 3 |  4- 6 |  7- 9 | 10-12 | 13-15 || total
-------------------------+-------+-------+-------+-------+-------++-------
Melee: Hand axe          |    70 |   160 |   255 |       |       ||   485
       Headbutt          |     5 |    30 |    68 |   125 |   167 ||   395
       Broad axe         |       |       |    93 |   418 |       ||   511
       War axe           |       |       |       |     9 |       ||     9
       Executioner's axe |       |       |       |    97 |   665 ||   762
       Morningstar       |       |       |       |    17 |     7 ||    24
 Fire: Hunting sling     |       |       |    18 |       |       ||    18
Throw: Boomerang         |    36 |    24 |    13 |       |       ||    73
       Javelin           |       |       |    22 |    50 |       ||    72
Invok: Trog's Hand       |       |     2 |     4 |     4 |     6 ||    16
       Berserk           |       |     2 |     1 |     3 |     9 ||    15
       Brothers in Arms  |       |       |       |       |     4 ||     4
  Use: Scroll            |       |       |    14 |     9 |    12 ||    35
       Potion            |       |       |       |       |     3 ||     3
  Eat: Chunk             |     1 |     3 |     7 |    12 |    34 ||    57
       Ration            |       |     2 |     3 |     5 |     2 ||    12
Armor: Animal skin       |     4 |       |       |       |       ||     4
       Ring mail         |    17 |       |       |       |       ||    17
       Plate armour      |     7 |    72 |   170 |   327 |   496 ||  1072
Dodge: Dodged            |    41 |    33 |    41 |   147 |   462 ||   724
Block: Large shield      |       |    44 |   288 |   395 |       ||   727

Table legend:
 A = Non-vault XP
 B = Vault XP
 C = Vault XP percentage of total XP
 D = Non-vault monster count
 E = Vault monster count
 F = Vault count percentage of total count
                 A         B        C        D         E       F
            +---------+---------+-------+---------+---------+-------
      Total |   61135 |   49130 |  44.6 |     431 |     187 |  30.3
            +---------+---------+-------+---------+---------+-------
        D:1 |      43 |       0 |   0.0 |      20 |       0 |   0.0
        D:2 |      77 |      40 |  34.2 |      20 |       1 |   4.8
        D:3 |     171 |      40 |  19.0 |      29 |       1 |   3.3
        D:4 |     178 |     197 |  52.5 |       8 |      12 |  60.0
        D:5 |     248 |     936 |  79.1 |       9 |      13 |  59.1
        D:6 |     590 |       0 |   0.0 |      16 |       0 |   0.0
        D:7 |    1115 |     451 |  28.8 |      22 |       2 |   8.3
        D:8 |    1266 |     799 |  38.7 |      29 |       3 |   9.4
        D:9 |    2302 |    1277 |  35.7 |      18 |       4 |  18.2
       D:10 |    3347 |     855 |  20.3 |      32 |       1 |   3.0
       D:11 |    5940 |       0 |   0.0 |      33 |       0 |   0.0
       D:12 |    3006 |    1625 |  35.1 |      29 |      11 |  27.5
     Lair:1 |    2574 |       0 |   0.0 |      12 |       0 |   0.0
     Lair:2 |    2771 |    2069 |  42.7 |      15 |       7 |  31.8
     Lair:3 |    4942 |       0 |   0.0 |      22 |       0 |   0.0
     Lair:4 |    3701 |    9135 |  71.2 |      11 |      22 |  66.7
     Lair:5 |    4193 |     732 |  14.9 |      21 |       2 |   8.7
     Lair:6 |   14378 |   11601 |  44.7 |      34 |      23 |  40.4
      Orc:1 |     596 |    1735 |  74.4 |      17 |       4 |  19.0
      Orc:2 |    6829 |    5768 |  45.8 |      29 |      33 |  53.2
    Abyss:1 |    2868 |       0 |   0.0 |       5 |       0 |   0.0
      IceCv |       0 |   11870 | 100.0 |       0 |      48 | 100.0
            +---------+---------+-------+---------+---------+-------
